 Dungeon Crawl Stone Soup version 0.28.0-53-g5a82cb258f (webtiles) character file.

Game seed: 15933789103080210794

284 ZappyNine the Ruffian (level 6, 0/56 HPs)
             Began as a Ghoul Monk on May 21, 2022.
             Slain by Menkaure (9 damage)
             ... on level 4 of the Dungeon.
             The game lasted 00:03:50 (4642 turns).

ZappyNine the Ruffian (Ghoul Monk)                  Turns: 4642, Time: 00:03:51

Health: 0/56       AC:  2    Str: 15    XL:     6   Next: 29%
Magic:  5/5        EV: 13    Int:  5    God:
Gold:   173        SH:  0    Dex: 13    Spells: 5/5 levels left

rFire   . . .      SeeInvis .     - Unarmed
rCold   + . .      Faith    .   (no shield)
rNeg    + + +      Spirit   .   a - +0 robe
rPois   ∞          Reflect  .   (no helmet)
rElec   .          Harm     .   (no cloak)
rCorr   .          Rampage  .   (no gloves)
Will    .....                   (no boots)
Stlth   ++........              (no amulet)
HPRegen 0.00/turn               (no ring)
MPRegen 0.09/turn               (no ring)

@: inhibited regen
A: claws 1, cold resistance 1, negative energy resistance 3, inhibited
regeneration, torment resistance 2
a: no special abilities


You were on level 4 of the Dungeon.
You visited 1 branch of the dungeon, and saw 4 of its levels.

You collected 173 gold pieces.

Inventory:

Missiles
 h - a throwing net (quivered)
Armour
 a - a +0 robe (worn)
Scrolls
 g - 2 scrolls of fog
 i - a scroll of magic mapping
Potions
 b - a potion of flight
 c - a potion of brilliance


   Skills:
 + Level 5.0 Fighting
 + Level 4.2 Dodging
 - Level 2.2 Stealth
 + Level 5.0 Unarmed Combat


You had 5 spell levels left.
You didn't know any spells.
Your spell library contained the following spells:

 Spells                   Type           Power      Damage    Failure   Level
 Magic Dart               Conj           0%         1d3       47%         1
 Call Imp                 Summ           0%         N/A       63%         2
 Mephitic Cloud           Conj/Pois/Air  0%         N/A       85%         3


Dungeon Overview and Level Annotations

Branches:
Dungeon (4/15)
 Temple: D:4-7

Altars:
Kikubaaqudgha

Annotations:
D:4 3 runed translucent doors, Menkaure; Robin; styxcanada's ghost, amateur SpBr


Innate Abilities, Weirdness & Mutations

You thrive by killing the living.
You are immune to poison.
You have sharp fingernails.
Your flesh is cold resistant. (rC+)
You are immune to negative energy. (rN+++)
You do not regenerate when monsters are visible.
You are immune to unholy pain and torment.


Message History

The white imp summons a swarm of flies.
The white imp barely misses you. Robin misses you.
Unknown command.
Unknown command.
You claw Natasha!
You kill Natasha!
Natasha growls in agony!
The white imp disappears in a puff of smoke!
Robin closely misses you.
Unknown command.
Unknown command.
It was a potion of heal wounds.
You feel much better. The goblin hits you with a +0 club.
Robin hits you from afar with a +0 spear.
You feel less attractive to monsters.
Unknown command.
You scratch the goblin but do no damage.
The goblin closely misses you.
Robin hits you from afar with a +0 spear.
* * * LOW HITPOINT WARNING * * *
Unknown command.
Unknown command.
You scratch the goblin.
The goblin is severely wounded.
The hobgoblin no longer looks unusually strong.
The goblin hits you with a +0 club.
* * * LOW HITPOINT WARNING * * *
Unknown command.
You claw the goblin!
You kill the goblin!
Robin hits you from afar with a +0 spear.
* * * LOW HITPOINT WARNING * * *
Menkaure blazes with dark energy!
Menkaure barely misses you.
Unknown command.
You scratch Menkaure but do no damage.
Robin roars a battlecry!
The hobgoblin goes into a battle-frenzy!
Menkaure hits you!
You die...

#[...........
#.#######..## ####### #.#
##.## ......! #.# #..#
....... #.# ##.# ..)....
#.# ##.. ....... #.# #.(.
......g######.###########
......gM@)...........#W..
.....?g###########...#(..
###.### #...+..( #
#...+... ##..+.(. #..#...
#..#♣.. #######


You could see Menkaure (fast), Robin and 2 hobgoblins.

Vanquished Creatures
  An orc priest (D:3)
  Ijyb (D:4)
  Natasha (D:4)
  3 gnolls
  9 adders
  An adder skeleton (D:4)
  A worm (D:2)
  7 orcs (D:3)
  10 ball pythons
  4 endoplasms
  15 goblins
  11 hobgoblins
  6 jackals
  5 kobolds
  A quokka (D:1)
  2 bats
  4 frilled lizards
  A rat (D:3)
83 creatures vanquished.

Notes
Turn   | Place    | Note
-------+----------+-------------------------------------------
     0 | D:1      | ZappyNine the Ghoul Monk began the quest for the Orb.
     0 | D:1      | Reached XP level 1. HP: 19/19 MP: 0/0
   277 | D:1      | Found a faded altar of an unknown god.
   332 | D:1      | Reached XP level 2. HP: 26/26 MP: 1/1
  1359 | D:2      | Reached XP level 3. HP: 33/33 MP: 2/2
  1594 | D:2      | Reached XP level 4. HP: 35/40 MP: 3/3
  2445 | D:2      | Reached XP level 5. HP: 46/47 MP: 4/4
  2695 | D:3      | Noticed a phantom
  4120 | D:3      | Found an ancient bone altar of Kikubaaqudgha.
  4573 | D:4      | Found a runed translucent gate.
  4574 | D:4      | Noticed styxcanada's ghost (amateur SpBr)
  4575 | D:4      | Found a runed translucent gate.
  4575 | D:4      | Found a runed translucent gate.
  4587 | D:4      | Noticed Natasha
  4588 | D:4      | Noticed Robin
  4589 | D:4      | Noticed Menkaure
  4592 | D:4      | Noticed Ijyb
  4595 | D:4      | Reached XP level 6. HP: 50/55 MP: 5/5
  4614 | D:4      | Killed Ijyb
  4615 | D:4      | Reached skill level 5 in Unarmed Combat
  4624 | D:4      | Reached skill level 5 in Fighting
  4637 | D:4      | Killed Natasha
  4642 | D:4      | Slain by Menkaure

Illustrated notes

Levels and vault maps discovered:
D:1:      psy_arrival_fountain, layout_basic,
          hellmonk_ecumenical_altar_inner_sanctum
D:2:      kennysheep_the_goblin_king, layout_loops_cross, minmay_snake_closets
D:3:      layout_basic, lemuel_round_altar
D:4:      layout_basic, ebering_ghost_rock_garden, uniq_robin, uniq_sigmund,
          uniq_ijyb, uniq_menkaure, uniq_natasha

Skill      XL: |  1  2  3  4  5  6 |
---------------+-------------------+-----
Dodging        | 3 4 |  4.2
Fighting       | 4 5 |  5.0
Unarmed Combat | 4 5 |  5.0
Stealth        | |  2.2

Action                   |  1- 3 |  4- 6 || total
-------------------------+-------+-------++-------
Melee: Unarmed           |    81 |   196 ||   277
       Punch             |     2 |     5 ||     7
  Use: Potion            |       |     4 ||     4
       Scroll            |       |     7 ||     7
 Stab: Sleeping          |     6 |     4 ||    10
Armor: Robe              |    13 |    23 ||    36
Dodge: Dodged            |    43 |   158 ||   201
